 Dungeon Crawl Stone Soup version 0.24.0-123-gd5b16e6ec5 (webtiles) character file.

Game seed: 13678848571746766836, levelgen mode: deterministic

7742 SirRappington the Severer (level 11, -1/92 HPs)
             Began as a Minotaur Berserker on Dec 26, 2019.
             Was a High Priest of Trog.
             Slain by a spriggan rider
             ... wielding a +0 spear
              (21 damage)
             ... on level 10 of the Dungeon.
             The game lasted 00:27:27 (7880 turns).

SirRappington the Severer (Minotaur Berserker)      Turns: 7880, Time: 00:27:27

Health: -1/92      AC: 17    Str: 23    XL:     11   Next: 0%
Magic:  3/3        EV:  9    Int:  6    God:    Trog [*****.]
Gold:   746        SH:  0    Dex: 10    Spells: 10/10 levels left

rFire    . . .     SeeInvis .   Q - +3 battleaxe (antimagic)
rCold    . . .     Gourm    .   (shield currently unavailable)
rNeg     . . .     Faith    .   r - +0 chain mail
rPois    .         Spirit   .   (helmet restricted)
rElec    .         Reflect  .   M - +0 cloak
rCorr    .         Harm     .   v - +2 pair of gloves
MR       .....                  t - +0 pair of boots
Stlth    ..........             (no amulet)
HPRegen  0.25/turn              (no ring)
MPRegen  0.08/turn              (no ring)

@: berserk cooldown, slowed, very slow
A: retaliatory headbutt, horns 2
a: Berserk, Trog's Hand, Brothers in Arms, Renounce Religion


You were on level 10 of the Dungeon.
You worshipped Trog.
Trog was extremely pleased with you.
You were very hungry.

You visited 1 branch of the dungeon, and saw 10 of its levels.

You collected 911 gold pieces.
You spent 165 gold pieces at shops.

Inventory:

Hand Weapons
 w - a +0 war axe
 D - a +1 flail of draining
 K - a +3 flail
 L - a +0 antimagic trident
 Q - a +3 antimagic battleaxe (weapon)
Missiles
 n - 2 javelins (quivered)
 C - a boomerang of dispersal
Armour
 r - a +0 chain mail (worn)
 t - a +0 pair of boots (worn)
 v - a +2 pair of gloves (worn)
 H - a +0 large shield
 M - a +0 cloak (worn)
 N - a +0 buckler
Jewellery
 m - an uncursed ring of wizardry
 q - an uncursed ring of ice
 F - an uncursed ring of stealth {unknown}
 G - a +4 ring of intelligence {unknown}
 J - an uncursed ring of magical power {unknown}
Wands
 g - a wand of paralysis (24)
 A - a wand of flame (25)
 I - a wand of iceblast (1)
 P - a wand of acid (7)
Scrolls
 a - a scroll of enchant armour {unknown}
 b - 2 scrolls of immolation {unknown}
 d - 6 scrolls of enchant weapon
 p - 3 scrolls of teleportation
 s - 5 scrolls of remove curse
 u - 2 scrolls of blinking {unknown}
 y - 6 scrolls of identify
 E - a scroll of summoning
 O - a scroll of fear {unknown}
Potions
 e - 2 potions of curing {unknown}
 f - 3 potions of flight
 h - a potion of lignification
 i - 2 potions of might {unknown}
 j - 6 potions of heal wounds {unknown}
 k - 2 potions of brilliance
 l - 2 potions of haste {unknown}
 o - 2 potions of degeneration {unknown}
 x - 2 potions of cancellation {unknown}
 z - 2 potions of ambrosia {unknown}
 B - a potion of mutation {unknown}
Comestibles
 c - 27 rations


   Skills:
 + Level 7.0 Fighting
 * Level 16.2 Axes
 * Level 9.6 Armour
 - Level 2.3 Dodging


You had 10 spell levels left.
You didn't know any spells.
Your spell library was empty.

Dungeon Overview and Level Annotations

Branches:
Dungeon (10/15)            Temple (0/1) D:4            Lair (0/6) D:9
    Orc (0/2) D:10

Altars:
Ashenzari
Fedhas
Gozag
Qazlal
Ru
Trog
Vehumet
Wu Jian

Shops:
D:4 [   D:7 =   D:8 (

Annotations:
D:10 ADDA's ghost, journeyman FoFi


Innate Abilities, Weirdness & Mutations

You reflexively headbutt those who attack you in melee.
You have a pair of horns on your head.


Message History

The spriggan hits you from afar with the +4 spear of Hiefe {freeze, +Inv Str+4 Dex+4}.
The spriggan freezes you.
The spriggan rider hits you from afar with a +0 spear!
The wolf bites you.
You closely miss the wolf. You headbutt the wolf.
The wolf is moderately wounded.
You are no longer berserk.
You are exhausted.
You feel yourself slow down. The wolf bites you but does no damage.
The spriggan rider barely misses you. The wolf barely misses you.
The wolf barely misses you.
The spriggan rider hits you but does no damage.
The wolf bites you but does no damage.
The spriggan hits you from afar with the +4 spear of Hiefe {freeze, +Inv Str+4 Dex+4}!
* * * LOW HITPOINT WARNING * * *
The spriggan freezes you.
* * * LOW HITPOINT WARNING * * *
The wolf bites you but does no damage.
The spriggan rider hits you from afar with a +0 spear!!
You die...

.###.##........♣♣.
.♣♣♣......# .# #<..........♣
.♣♣..♣♣......# .#
####........♣♣♣.!♣..♣......#
## ##.#####♣♣♣..♣♣..♣♣######
#####..####♣..♣W.♣.♣.♣
####..........♣.♣##i##♣.♣
...'..........♣♣#8ii.8#♣♣
..##.............h......#
.###.........)..@...#####
.##............######
...............#
#...#..........#
#..#...........#
#.#............#
.#....########## #######


You could see a spriggan rider, 2 spriggans, a wolf and ADDA's ghost.

Vanquished Creatures
  A troll (D:9)
  4 hippogriffs
  Sigmund (D:5)
  A spriggan (D:10)
  9 yaks
  Eustachio (D:5)
  A hungry ghost (D:7)
  Grum (D:9)
  3 orc warriors
  A sky beast (D:6)
  4 ice beasts
  2 phantoms
  A black bear (D:8)
  2 eyes of draining (D:9)
  An ogre (D:9)
  A necrophage (D:9)
  2 wolves (D:9)
  4 centaurs
  A crocodile (D:9)
  A big kobold (D:9)
  4 bullfrogs
  3 wyvern skeletons (D:9)
  2 scorpions
  3 wights (D:9)
  A spectral centaur (D:9)
  A centaur zombie (D:8)
  5 crimson imps
  A bullfrog zombie (D:7)
  5 jellies
  6 orc priests
  A centaur skeleton (D:10)
  7 hounds
  4 bullfrog skeletons
  2 iguanas
  Terence (D:3)
  8 orc wizards
  6 worker ants
  A killer bee zombie (D:10)
  A hound zombie (D:9)
  A howler monkey zombie (D:8)
  2 worker ant zombies
  9 gnolls
  A howler monkey skeleton (D:5)
  12 adders
  7 oozes
  An adder zombie (D:9)
  2 adder skeletons
  4 dart slugs
  3 worms (D:2)
  5 leopard geckos
  36 orcs
  A ball python (D:4)
  6 bats
  5 giant cockroaches
  3 goblins
  14 hobgoblins
  7 jackals
  2 quokkas
  3 frilled lizards
  A jackal skeleton (D:7)
  17 kobolds
  2 quokka zombies
  4 rats
252 creatures vanquished.

Vanquished Creatures (others)
  Maurice (D:8)
  A fungus (D:10)
  2 plants (D:10)
4 creatures vanquished.

Grand Total: 256 creatures vanquished

Notes
Turn   | Place    | Note
-------+----------+-------------------------------------------
     0 | D:1      | SirRappington the Minotaur Berserker began the quest for
                  | the Orb.
     0 | D:1      | Reached XP level 1. HP: 19/19 MP: 0/0
    49 | D:1      | Reached skill level 4 in Axes
    49 | D:1      | Reached XP level 2. HP: 11/27 MP: 1/1
   448 | D:1      | Reached XP level 3. HP: 33/33 MP: 2/2
   652 | D:2      | Reached ** piety under Trog
   659 | D:2      | Reached skill level 5 in Axes
   956 | D:2      | Reached XP level 4. HP: 36/40 MP: 3/3
  1110 | D:2      | Reached skill level 6 in Axes
  1707 | D:3      | Noticed Terence
  1722 | D:3      | Killed Terence
  1722 | D:3      | Reached XP level 5. HP: 38/46 MP: 4/4
  2043 | D:3      | Reached skill level 7 in Axes
  2267 | D:4      | Reached *** piety under Trog
  2347 | D:4      | Reached XP level 6. HP: 37/52 MP: 5/5
  2358 | D:4      | Found Afealir's Armour Shop.
  2369 | D:4      | Reached skill level 8 in Axes
  2388 | D:4      | Bought a +2 pair of gloves for 165 gold pieces
  2422 | D:4      | Found a staircase to the Ecumenical Temple.
  2588 | D:4      | Reached skill level 9 in Axes
  2814 | D:5      | Entered Level 5 of the Dungeon
  2952 | D:5      | Reached XP level 7. HP: 58/58 MP: 6/6
  3045 | D:5      | Noticed Sigmund
  3051 | D:5      | Killed Sigmund
  3051 | D:5      | Reached skill level 10 in Axes
  3071 | D:5      | Noticed Eustachio
  3088 | D:5      | Killed Eustachio
  3104 | D:5      | Found a sacrificial altar of Ru.
  3129 | D:5      | Reached **** piety under Trog
  3366 | D:5      | Reached skill level 11 in Axes
  3801 | D:6      | Reached XP level 8. HP: 66/66 MP: 7/7
  3802 | D:6      | Found a radiant altar of Vehumet.
  3868 | D:6      | Reached skill level 12 in Axes
  4439 | D:7      | Reached skill level 13 in Axes
  4476 | D:7      | Reached XP level 9. HP: 51/72 MP: 8/8
  4635 | D:7      | Found a blossoming altar of Fedhas.
  4639 | D:7      | Found an opulent altar of Gozag.
  4657 | D:7      | Found a shattered altar of Ashenzari.
  4687 | D:7      | Found Ymiqyi's Jewellery Emporium.
  4780 | D:7      | Reached ***** piety under Trog
  4972 | D:7      | Found an ornate altar of the Wu Jian Council.
  5209 | D:8      | Reached skill level 5 in Armour
  5261 | D:8      | Reached skill level 14 in Axes
  5424 | D:8      | Reached skill level 5 in Fighting
  5441 | D:8      | Found Zomaux's Antique Weapon Boutique.
  5478 | D:8      | You fall into a shaft and drop 1 floor!
  5483 | D:9      | Noticed Grum
  5494 | D:9      | Killed Grum
  5514 | D:8      | HP: 3/74 [black bear (2)]
  5611 | D:8      | Noticed Maurice
  5621 | D:8      | Killed Maurice
  5621 | D:8      | Reached XP level 10. HP: 33/81 MP: 9/9
  6033 | D:8      | Found a stormy altar of Qazlal.
  6206 | D:9      | Found a staircase to the Lair.
  6281 | D:9      | Reached skill level 15 in Axes
  6394 | D:9      | Found a bloodstained altar of Trog.
  6996 | D:10     | Entered Level 10 of the Dungeon
  7134 | D:10     | Reached skill level 16 in Axes
  7431 | D:10     | Found a staircase to the Orcish Mines.
  7502 | D:10     | Received a gift from Trog
  7618 | D:10     | Found a runed translucent door.
  7621 | D:10     | Noticed ADDA's ghost (journeyman FoFi)
  7621 | D:10     | Identified the +4 spear of Hiefe {freeze, +Inv Str+4 Dex+4}
  7622 | D:10     | Noticed a spriggan rider
  7874 | D:10     | Reached XP level 11. HP: 79/92 MP: 3/10
  7880 | D:10     | Slain by a spriggan rider

Levels and vault maps discovered:
D:1:      minmay_arrival_arboretum_small, layout_loops_cross, minmay_box_of_dots
D:2:      layout_loops_corners
D:3:      layout_loops_ring, first_ration, item_on_display_a, uniq_terence
D:4:      layout_cave_pools, minmay_temple_entry_drinking_statues, serial_shops,
          shop
D:5:      layout_basic, nicolae_ru_awakened_eye, uniq_sigmund, uniq_eustachio
D:6:      layout_loops_ring, vehumet_altar_wand_db
D:7:      layout_gridville, nicolae_overflow_crystal_walls, lemuel_doored_altar,
          grunt_temple_overflow_open, serial_shops, nicolae_shop_waterfront,
          minmay_misc_feat_ornament, chequers_serial_rivers_room_b, st_stairs_5
D:8:      layout_basic, old_standard_altar, serial_shops, kennysheep_mini,
          uniq_maurice
D:9:      layout_big_octagon, trog_eyes_of_draining,
          hangedman_little_slice_of_home, hangedman_weighted_door, minivault_1,
          minivault_19, st_stairs_8, uniq_grum
D:10:     layout_roguey, orc_0_dummy, ebering_ghost_funeral_grove,
          hangedman_decor_diamond_cutter

Skill      XL: |  1  2  3  4  5  6  7  8  9 10 |
---------------+-------------------------------+-----
Axes           | 4 5 6 7 9 11 13 14 16 | 16.2
Fighting       | 4 5 7 |  7.0
Armour         | 4 7 9 |  9.6
Dodging        | |  2.3

Action                   |  1- 3 |  4- 6 |  7- 9 | 10-12 || total
-------------------------+-------+-------+-------+-------++-------
Melee: Hand axe          |    62 |   131 |       |       ||   193
       Headbutt          |     6 |    33 |    50 |    51 ||   140
       War axe           |       |    43 |   263 |   208 ||   514
       Battleaxe         |       |       |       |    16 ||    16
Invok: Berserk           |       |       |     1 |     3 ||     4
       Trog's Hand       |       |       |     1 |       ||     1
  Use: Scroll            |     4 |     5 |       |       ||     9
  Eat: Chunk             |       |     6 |    12 |     9 ||    27
       Ration            |       |       |     1 |       ||     1
Armor: Animal skin       |     1 |       |       |       ||     1
       Ring mail         |    16 |    28 |       |       ||    44
       Chain mail        |       |    44 |   183 |   116 ||   343
       Scale mail        |       |     3 |       |       ||     3
Dodge: Dodged            |    45 |    87 |   119 |    79 ||   330
